cohdb
Replays
Latest Replays
All Replays
Popular Replays
Top Player Replays
Match Explorer
How It Works
Community
CoH3 Stats
Reddit
Sign in to upload your games and track your stats! →
Sign in with Steam
Match 45347778
Unlisted
Match 45347778
Overview
Messages
Build Orders
End
Kradschützen Motorcycle Team
Selects Italian Combined Arms Battlegroup
Selects Bersaglieri Squad
Bersaglieri Squad
Bersaglieri Squad
250 Light Carrier
Bersaglieri Squad
Selects Bersaglieri Bolster
Construct Light Support Kompanie
Panzerjäger Mechanized Group
2.5-tonne Medical Truck
Selects Breda Model 30 Light Machine Guns
Fire Support Elements
le.IG 18 Mechanized Group
Construct Panzerarmee Kommand
Selects Semovente da 75/18 Assault Gun
Panzer III L Medium Tank
Bersaglieri Squad
Selects Strafing Run
heybuy
Fridod
Rogozilla
Elite_1650
0
0
Comments
sign in to comment!
No comments posted yet!